cohdb
Replays
Latest Replays
All Replays
Popular Replays
Top Player Replays
Match Explorer
How It Works
Community
CoH3 Stats
Reddit
Sign in to upload your games and track your stats! →
Sign in with Steam
Match 46914202
Unlisted
Match 46914202
Overview
Messages
Build Orders
End
Panzergrenadier Squad
250 Light Carrier
Panzergrenadier Squad
Construct Light Support Kompanie
MG34 Team
Combat Half-tracks
Fire Support Elements
2.5-tonne Medical Truck
Pak 38 Mechanized Group
Construct Mechanized Kompanie
Flakvierling Half-track
254 Reconnaissance Tractor
Forward Retreat Point
Construct Panzerarmee Kommand
StuG III D Assault Gun
Vehicle Survival Package
Walking Stuka Rocket Launcher
Selects Armored Support Battlegroup
Selects Vehicle Awareness
Selects Panzer Storm
Selects Stuka Anti-tank Loiter
Stuka Anti-tank Loiter
Selects Superior Fire Drills
MG34 Team
Panzergrenadier Squad
MG34 Team
Armored Reserves
Tiger Heavy Tank
2.5-tonne Medical Truck
Emergency Repair Kits
Advanced Field Repairs
Stuka Anti-tank Loiter
Panzergrenadier Squad
Vehicle Awareness
18-tonne Recovery Half-track
Wheanors McQueen
Glorb
코카콜라제로
Vishnevelatte
Phan
MrBlueSteel
kamacura
WANKER gaming
0
0
Comments
sign in to comment!
No comments posted yet!